Map: Lerilak Crest

Players

Manderda - Winner!

  • Race: Zerg Zerg

Stroopwafel

  • Race: Terran Terran

VOD

Have the link to the VOD?

Description

Time

  • Played on: May 3, 2015, 8:32 a.m.
  • Length: 11:09
Show
View Real Time Build Order
Export as new Build Order

Manderda Zerg - Winner!

Build Orders: Hatch First 

Get SALT Encoding   

  12  0:06  Drone  
  13  0:12  Overlord  
  13  0:17  Drone  
  14  0:31  Drone x2  
  16  0:39  Drone  
  17  0:56  Drone  
  18  0:57  Hatchery  
  17  1:13  Drone  
  17  1:14  Spawning Pool  
  17  1:18  Overlord  
  17  1:28  Drone  
  17  1:29  Extractor  
  17  1:39  Drone  
  18  1:44  Drone  
  19  1:55  Drone  
  20  2:02  Queen  
  20  2:05  Overlord  
  22  2:16  Drone  
  22  2:17  Drone  
  22  2:21  Queen  
  22  2:22  Overlord  
  26  2:23  Spine Crawler  
  25  2:32  Metabolic Boost  
  25  2:34  Drone x2  
  27  2:50  Drone x3  
  30  3:01  Zergling x4  
  32  3:11  Drone x2  
  34  3:18  Zergling x2  
  34  3:19  Zergling x6  
  38  3:21  Drone  
  38  3:23  Baneling Nest  
  38  3:26  Queen  
  40  3:33  Drone x5  
  45  3:34  Drone  
  46  3:42  Overlord x2  
  46  3:46  Drone x2  
  48  3:49  Overlord  
  48  4:03  Drone x3  
  48  4:04  Drone x2  
  48  4:06  Extractor  
  48  4:09  Roach Warren  
  51  4:10  Evolution Chamber  
  51  4:14  Evolution Chamber, Drone x2  
  51  4:33  Drone  
  51  4:34  Drone x6  
  57  4:41  Zergling x2  
  57  4:42  Zergling x8  
  57  4:44  Zerg Missile Weapons Level 1, Zerg Ground Armor Level 1  
  62  5:16  Roach  
  62  5:17  Roach x5  
  62  5:19  Overlord x3  
  74  5:23  Hatchery  
  74  5:25  Spore Crawler  
  72  5:29  Lair  
  72  5:38  Drone x3, Extractor  
  72  5:39  Extractor  
  73  5:50  Baneling  
  73  5:51  Baneling x4  
  73  6:12  Drone  
  73  6:13  Drone x2  
  76  6:27  Glial Reconstitution  
  76  6:28  Centrifical Hooks  
  76  6:32  Hydralisk Den  
  75  6:37  Roach  
  75  6:38  Roach x2  
  75  6:39  Extractor  
  80  6:41  Extractor  
  80  6:42  Overlord x2  
  80  6:44  Ravager  
  80  6:58  Zerg Missile Weapons Level 2  
  80  7:04  Drone  
  80  7:05  Queen  
  83  7:11  Ravager x2  
  85  7:29  Overlord x3  
  85  7:31  Roach x8  
  85  7:32  Roach x6  
  104  7:59  Ravager x2  
  104  8:00  Ravager x3  
  104  8:03  Roach x5  
  119  8:16  Zerg Ground Armor Level 2  
  115  8:35  Ravager  
  115  8:36  Ravager x2  
  115  8:37  Zergling x2  
  115  8:38  Zergling x24  
  122  8:54  Lurker Den  
  120  9:13  Baneling  
  120  9:14  Baneling x11  
  120  9:21  Infestation Pit  
  120  9:22  Zergling x8  
  120  9:23  Zergling x14  
  111  9:57  Roach  
  111  9:58  Roach x14  
  117  10:01  Ravager  
  100  10:33  Ravager x2  
Show
View Real Time Build Order
Export as new Build Order

Stroopwafel Terran 

Build Orders:  

Get SALT Encoding   

  12  0:09  Supply Depot  
  12  0:13  SCV  
  13  0:25  SCV  
  14  0:33  Barracks  
  14  0:38  SCV  
  15  0:50  SCV  
  15  0:54  Barracks  
  16  1:01  Refinery  
  17  1:04  SCV  
  17  1:16  SCV  
  18  1:20  Supply Depot  
  18  1:21  Marine  
  19  1:32  Orbital Command  
  19  1:47  Marine  
  19  1:48  Marine  
  21  1:58  SCV  
  22  2:12  Barracks Tech Lab  
  22  2:16  Marine  
  22  2:18  SCV  
  22  2:19  Factory  
  24  2:30  SCV, Marauder  
  27  2:38  Barracks  
  27  2:39  Marine  
  28  2:44  SCV  
  28  2:45  Refinery  
  29  2:58  Marine  
  29  2:59  Command Center, Marine  
  31  3:12  Supply Depot  
  31  3:23  Stimpack  
  31  3:31  SCV  
  33  3:34  Marauder  
  33  3:37  Barracks  
  33  3:38  Marine  
  34  3:43  SCV  
  34  3:45  Marine  
  34  3:46  Supply Depot  
  36  3:49  Factory Tech Lab  
  37  3:55  SCV  
  37  3:58  Marauder  
  39  4:07  Marine  
  40  4:10  Supply Depot  
  40  4:25  Marine  
  39  4:38  Orbital Command  
  39  4:41  SCV  
  40  4:49  Barracks Reactor x2  
  40  4:52  Barracks  
  40  4:53  SCV  
  40  4:57  Marauder, Marine  
  44  5:05  SCV  
  45  5:08  SCV  
  46  5:17  SCV  
  46  5:21  SCV  
  48  5:28  Bunker  
  48  5:29  SCV  
  48  5:32  Marine, Marauder  
  48  5:33  SCV  
  53  5:36  Supply Depot  
  53  5:41  SCV  
  53  5:42  Concussive Shells  
  54  5:43  Barracks Tech Lab  
  54  5:45  SCV  
  54  5:48  Starport  
  55  5:50  Barracks Reactor  
  55  5:52  Marine  
  56  6:03  SCV x2, Bunker  
  58  6:05  Supply Depot  
  58  6:07  Marine x2  
  58  6:09  Marauder  
  62  6:15  SCV  
  62  6:16  SCV  
  64  6:22  Engineering Bay, Marine x2  
  64  6:24  Engineering Bay  
  66  6:27  SCV  
  66  6:28  SCV  
  69  6:40  SCV  
  69  6:42  Supply Depot  
  69  6:46  Supply Depot, SCV  
  70  6:48  Marine x2  
  70  6:49  Marauder  
  70  6:50  Starport Reactor  
  70  6:52  SCV  
  70  6:53  Terran Infantry Weapons Level 1, Terran Infantry Armor Level 1  
  75  7:02  Supply Depot  
  75  7:19  Marauder, Sensor Tower, Marine x3  
  75  7:20  Marine x4  
  84  7:25  Refinery  
  84  7:32  Medivac x2  
  88  7:37  Marine x5  
  88  7:38  Marine x2  
  88  7:40  Marine  
  91  8:00  Marauder x2, Marine x3  
  91  8:01  Marine x3  
  101  8:07  Supply Depot  
  101  8:09  SCV  
  101  8:11  Medivac x2  
  106  8:18  Marine x4  
  106  8:19  Marine x2  
  112  8:21  SCV  
  112  8:22  Marauder x2  
  112  8:25  Barracks  
  110  8:36  Marine x6  
  110  9:07  Supply Depot x2  
  110  9:14  Marauder, Medivac x2, Marine x2  
  118  9:22  Marine x6  
  124  9:27  Supply Depot, Starport  
  124  9:31  Marine x2  
  124  9:35  Marauder  
  125  9:48  Marine x2  
  125  9:49  Marine x3, Medivac  
  125  9:50  Supply Depot  
  106  9:57  Marauder, Marine x2  
  72  10:06  Marine x2  
  56  10:07  Marauder, Marine  
  54  10:18  Marauder  
  47  10:29  Marauder  
  43  10:39  Marine  
  43  10:40  Marauder, Marine x5  
Tags
 
Add a new tag
Caveats
  • Supply blocks, unpowered buildings, or Contaminate may cause inaccurate times.
  • Supply counts are checked every 10 seconds.